[Event "Early-Titled-Tuesday-Blitz-August-29-2023"]
[Site "Chess.com"]
[Date "2023.08.29"]
[Round "11"]
[White "VerdeNotte"]
[Black "blitzo_vich"]
[Result "1-0"]
[WhiteElo "2883"]
[BlackElo "2610"]
[TimeControl "180+1"]
[EndTime "10:03:36 PDT"]
[Termination "VerdeNotte won by resignation"]

1. d4 c5 2. d5 g6 3. e4 Bg7 4. Nc3 d6 5. Bb5+ Nd7 6. a4 a6 7. Be2 Ngf6 8. Be3 O-O 9. h3 Rb8 10. a5 b5 11. axb6 Rxb6 12. Ra2 Qc7 13. Nf3 Qb8 14. Qc1 Rb4 15. Nd2 Ne8 16. h4 h5 17.
g4 hxg4 18. h5 Ne5 19. Nd1 f5 20. c3 Rb6 21. Nc4 Nxc4 22. Bxc4 gxh5 23. Rxh5 Nf6 24. Rg5 Bd7 25. e5 dxe5 26. d6+ e6 27. Bxc5 Ne4 28. Bxb6 Qxb6 29. Rxa6 Qc5 30. Rg6 g3 31. Qh6 gxf2+ 32. Nxf2 Qxf2+ 33. Kd1 Qf3+ 34. Be2 Nxc3+ 35. bxc3 Qd5+ 36.
Ke1 Rf7 37. Rb6 Qa8 38. Kf2 Kf8 39. Rxg7 Rxg7 40. Qh8+ Rg8 41. Qf6+ 1-0

[Event "Early-Titled-Tuesday-Blitz-August-29-2023"]
[Site "Chess.com"]
[Date "2023.08.29"]
[Round "11"]
[White "ferrufino64"]
[Black "ElenaPershina"]
[Result "1-0"]
[WhiteElo "2123"]
[BlackElo "2340"]
[TimeControl "180+1"]
[EndTime "10:03:36 PDT"]
[Termination "ferrufino64 won on time"]

1. e4 c5 2. Nf3 Nc6 3. d4 cxd4 4. Nxd4 Nf6 5. Nc3 e5 6. Ndb5 d6 7. Bg5 a6 8. Na3 b5 9. Nd5 Be7 10. Bxf6 Bxf6 11. c3 Rb8 12. Nc2 O-O 13. Ncb4 Bb7 14. Be2 a5 15. Nxc6 Bxc6 16. O-O Bg5 17. Qd3 Kh8 18.
Rad1 Qd7 19. Qg3 Bh6 20. Bg4 Qb7 21. Rd3 f5 22. Bf3 Qf7 23. exf5 Qxf5 24. Ne7 Qxd3 25. Nxc6 e4 26. Nxb8 exf3 27. Nd7 Rd8 28. Nb6 Rb8 29. Qh4 Qf5 30. Qd4 fxg2 31. Kxg2 Bf4 32. Re1 Qg4+ 33. Kf1 Qh3+ 34. Ke2 1-0

[Event "Early-Titled-Tuesday-Blitz-August-29-2023"]
[Site "Chess.com"]
[Date "2023.08.29"]
[Round "11"]
[White "MusicCityMaster"]
[Black "slidingknight2775"]
[Result "0-1"]
[WhiteElo "2443"]
[BlackElo "2579"]
[TimeControl "180+1"]
[EndTime "10:03:39 PDT"]
[Termination "slidingknight2775 won by resignation"]

1. e4 c6 2. c4 d5 3. exd5 cxd5 4. cxd5 Nf6 5. Nc3 Nxd5 6. Nf3 e6 7. Bc4 Be7 8. d4 Nc6 9. O-O O-O 10. Qe2 b6 11. Rd1 Bb7 12. Bd3 Nf6 13. Bg5 Nb4 14.
Bb1 Nbd5 15. Ne5 Rc8 16. Rd3 Ba6 17. Nxd5 Nxd5 18. h4 Bxg5 19. hxg5 Nf4 20. Qe4 Rc1+ 21. Kh2 Nxd3 22. Nxd3 Bxd3 23. Bxd3 Qc7+ 24. f4 g6 25. Rxc1 Qxc1 26. d5 exd5 27. Qe5 Qd2 28. Bb5 Qf2 29. Bd7 d4 30. f5 Qh4+ 31. Kg1 Qxg5 32. Qxd4 Rd8 33.
fxg6 hxg6 34. Qd6 Qc5+ 35. Qxc5 bxc5 36. Bb5 Rd2 37. b3 Rxa2 38. Bc4 Rb2 39. Kh2 Kg7 40.
Kg3 f5 41. Kf4 Kf6 42. g3 g5+ 43. Kf3 Ke5 44. Ke3 g4 45. Bg8 a5 46. Bc4 Rg2 47. Bg8 Rxg3+ 0-1

[Event "Early-Titled-Tuesday-Blitz-August-29-2023"]
[Site "Chess.com"]
[Date "2023.08.29"]
[Round "11"]
[White "parintele_chess"]
[Black "YellowJacek"]
[Result "1/2-1/2"]
[WhiteElo "2232"]
[BlackElo "2338"]
[TimeControl "180+1"]
[EndTime "10:03:40 PDT"]
[Termination "Game drawn - insufficient material"]

1. d4 d5 2. c4 Nf6 3. cxd5 g6 4. Nc3 Bg7 5. e4 O-O 6. Nf3 c6 7. dxc6 Nxc6 8. Be2 Bg4 9. d5 Bxf3 10. Bxf3 Ne5 11. O-O Nxf3+ 12. Qxf3 Qb6 13. Rb1 Rac8 14. Be3 Qa5 15. Rfc1 Nd7 16. Qe2 Ne5 17. Qb5 Qxb5 18.
Nxb5 a6 19. Nc3 Nd3 20. Rd1 Nc5 21. f3 b5 22. Rbc1 Nd7 23. Bd4 Bxd4+ 24. Rxd4 Ne5 25. Rdd1 Rc7 26. Ne2 Rfc8 27. Rxc7 Rxc7 28. Rc1 Rxc1+ 29. Nxc1 Kf8 30. Kf2 Ke8 31. b3 Kd7 32. Ke3 g5 33.
Kd4 Ng6 34. g3 Kd6 35. Nd3 h5 36. e5+ Kc7 37. Kc5 h4 38. f4 hxg3 39. hxg3 gxf4 40.
gxf4 Kb7 41. f5 Nf8 42. d6 Nd7+ 43. Kd5 Nb6+ 44. Ke4 exd6 45. exd6 Kc6 46. Ne5+ Kxd6 47. Nxf7+ Kc5 48. Ne5 Nc8 49. f6 a5 50. Kf4 Nd6 51. f7 Nxf7 52. Nxf7 Kb4 53. Nd6 Ka3 54. Nxb5+ Kxa2 55.
Nd4 Ka3 56. Ke3 a4 57. bxa4 Kxa4 1/2-1/2

[Event "Early-Titled-Tuesday-Blitz-August-29-2023"]
[Site "Chess.com"]
[Date "2023.08.29"]
[Round "11"]
[White "crazy_m_attack"]
[Black "ExchangeAB"]
[Result "0-1"]
[WhiteElo "2334"]
[BlackElo "2456"]
[TimeControl "180+1"]
[EndTime "10:03:41 PDT"]
[Termination "ExchangeAB won on time"]

1. e4 c6 2. d4 d5 3. Nc3 dxe4 4.
Nxe4 Bf5 5. Ng3 Bg6 6. h4 h6 7. h5 Bh7 8. Nf3 Nd7 9. Bd3 Bxd3 10. Qxd3 e6 11. Bf4 Qa5+ 12. Bd2 Bb4 13. c3 Be7 14. a3 Ngf6 15. c4 Qc7 16. O-O-O O-O-O 17. Qc2 Rhe8 18. Be3 Bf8 19. Ne2 Ng4 20. Nc3 Nxe3 21. fxe3 Nf6 22. Kb1 a6 23. e4 c5 24.
d5 exd5 25. exd5 Bd6 26. Nh4 Be5 27. Nf5 Qd7 28. Na4 Qc7 29. Nxg7 Rg8 30. Nf5 Ne8 31.
Rhe1 f6 32. Nxh6 Rg5 33. Nf5 Rxh5 34. g4 Rg5 35. Re4 Nd6 36. Nxd6+ Rxd6 37. Rf1 Rd8 38.
Nc3 Rdg8 0-1

[Event "Early-Titled-Tuesday-Blitz-August-29-2023"]
[Site "Chess.com"]
[Date "2023.08.29"]
[Round "11"]
[White "ShahMatKanal"]
[Black "IljaZaragatski"]
[Result "0-1"]
[WhiteElo "2435"]
[BlackElo "2607"]
[TimeControl "180+1"]
[EndTime "10:03:47 PDT"]
[Termination "IljaZaragatski won on time"]

1. d4 Nf6 2. Nf3 c5 3. d5 b5 4. a4 b4 5. c4 d6 6. b3 g6 7. Bb2 Bg7 8. e3 e5 9. dxe6 Bxe6 10. Be2 Nc6 11. O-O O-O 12. Nbd2 Qc7 13. Qc2 Rfe8 14. Rac1 Bf5 15. Bd3 Bxd3 16. Qxd3 Rad8 17. Qc2 Ne5 18. Rfd1 Nxf3+ 19. Nxf3 Ne4 20. Bxg7 Kxg7 21. Rd3 Nc3 22. Kf1 Qe7 23. Nd2 f5 24. Nb1 Ne4 25. Nd2 Nc3 26. Nb1 Ne4 27. Nd2 Nf6 28. Qb2 Qe5 29. Qxe5 dxe5 30.
Ke2 e4 31. Rxd8 Rxd8 32. f3 Kf7 33. fxe4 fxe4 34. Rf1 Ke6 35. g4 h6 36. h4 Ke5 37. g5 hxg5 38. hxg5 Nh5 39. Rf7 Ng3+ 40. Ke1 Rd3 41. Re7+ Kf5 42. Rc7 Rxe3+ 43. Kf2 Rd3 44. Rxc5+ Kf4 45. Nf1 e3+ 46. Nxe3 Rxe3 47. Rc6 Ne4+ 48. Kf1 Kxg5 49. Rc7 a5 50. Ra7 Kf4 51. Rxa5 Kf3 0-1

[Event "Early-Titled-Tuesday-Blitz-August-29-2023"]
[Site "Chess.com"]
[Date "2023.08.29"]
[Round "11"]
[White "VOneChess"]
[Black "mistrzemi"]
[Result "1-0"]
[WhiteElo "2185"]
[BlackElo "2351"]
[TimeControl "180+1"]
[EndTime "10:03:47 PDT"]
[Termination "VOneChess won on time"]

1. e4 e6 2. d4 d5 3. Nd2 Nc6 4. Ngf3 Nf6 5. e5 Nd7 6. c3 f6 7. exf6 Qxf6 8. Bd3 e5 9. dxe5 Ndxe5 10. Bb5 Bc5 11. O-O O-O 12. b4 Bd6 13. Bxc6 bxc6 14.
h3 Ba6 15. Re1 Nd3 16. Re3 Bf4 17. Re2 Qxc3 18. Rb1 Nxc1 19. Rxc1 Bxe2 20. Qe1 Qd3 21. Rxc6 Rae8 22. Qc1 Bxf3 23. gxf3 Bxd2 24. Qb2 Re1+ 25. Kh2 Qg6 26. Rxg6 hxg6 27. Qxd2 Ree8 28. Qxd5+ Kh7 29.
Qd4 Rxf3 30. Qxa7 Ref8 31. Kg2 R3f7 32. Qd4 Rf4 33. Qc5 R4f5 34. Qe3 Kg8 35. a4 Rf4 36. a5 Rxb4 37. a6 Rbb8 38. Qe6+ 1-0

[Event "Early-Titled-Tuesday-Blitz-August-29-2023"]
[Site "Chess.com"]
[Date "2023.08.29"]
[Round "11"]
[White "Sunny_Star"]
[Black "maurovargas01"]
[Result "1-0"]
[WhiteElo "2081"]
[BlackElo "1893"]
[TimeControl "180+1"]
[EndTime "10:03:47 PDT"]
[Termination "Sunny_Star won on time"]

1. e4 d5 2. exd5 Qxd5 3. Nc3 Qa5 4. d4 c6 5. Nf3 Nf6 6. Bd2 Qc7 7. Bc4 Bg4 8. Qe2 e6 9. h3 Bh5 10. g4 Bg6 11.
Ne5 Bd6 12. Bf4 Nbd7 13. Bg3 O-O 14. O-O Nd5 15. Rad1 Rfe8 16. Bb3 b5 17. f4 f6 18. Nxg6 hxg6 19. Qd2 a5 20. a3 g5 21. Nxd5 cxd5 22. Bh2 Nb6 23. f5 Nc4 24. Bxc4 bxc4 25. Rde1 e5 26. dxe5 Bxe5 27. Qxd5+ Kh7 28. Bxe5 Rxe5 29. Rxe5 Qa7+ 30. Kh1 fxe5 31. Qxe5 Qb7+ 32. Kh2 Rd8 33. f6 gxf6 34. Qf5+ Kg8 35. Qg6+ 1-0

[Event "Early-Titled-Tuesday-Blitz-August-29-2023"]
[Site "Chess.com"]
[Date "2023.08.29"]
[Round "11"]
[White "vovachesss"]
[Black "Muracle"]
[Result "1-0"]
[WhiteElo "2767"]
[BlackElo "2488"]
[TimeControl "180+1"]
[EndTime "10:03:48 PDT"]
[Termination "vovachesss won by resignation"]

1. e4 c5 2. c3 d5 3. exd5 Qxd5 4. d4 Nf6 5. Nf3 e6 6. Na3 Be7 7. Be3 O-O 8. dxc5 Nbd7 9. b4 a5 10. Nb5 axb4 11. cxb4 Rxa2 12. Qxd5 Rxa1+ 13. Qd1 Rxd1+ 14. Kxd1 Ng4 15. Bd3 Nde5 16. Nxe5 Nxe5 17. Be2 Rd8+ 18. Kc2 Bd7 19. Ra1 Bc6 20. f3 Bf6 21. Ra7 Ng6 22. Nd6 Rb8 23. b5 Bd5 24. Bc4 Ne7 25. Kb3 Be5 26. Bf2 Kf8 27. Bxd5 Nxd5 28. Nxb7 Nc7 29. Kc4 Ke8 30. c6 Nd5 31. Bg3 Bxg3 32. hxg3 Ke7 33.
Kc5 Kf6 34. Nd6 Rd8 35. Rxf7+ Kg6 36. Rd7 Ra8 37. c7 Nf6 38. Rd8 Nd7+ 39. Rxd7 Ra7 40. b6 Ra1 41. c8=Q Rc1+ 42. Kb5 Rxc8 43. Nxc8 Kf6 44. b7 1-0

[Event "Early-Titled-Tuesday-Blitz-August-29-2023"]
[Site "Chess.com"]
[Date "2023.08.29"]
[Round "11"]
[White "zurzan"]
[Black "kidagent"]
[Result "0-1"]
[WhiteElo "2077"]
[BlackElo "2268"]
[TimeControl "180+1"]
[EndTime "10:03:48 PDT"]
[Termination "kidagent won by resignation"]

1. d4 d5 2. Nc3 c5 3. e4 dxe4 4. d5 Nf6 5. Bf4 e6 6. d6 Nc6 7. Bb5 Bd7 8. Nge2 a6 9. Bxc6 Bxc6 10. O-O Qd7 11. Ng3 O-O-O 12. Re1 Bxd6 13. Bxd6 Qxd6 14.
Qxd6 Rxd6 15. Ngxe4 Nxe4 16. Nxe4 Bxe4 17. Rxe4 Rhd8 18.
Kf1 Kc7 19. Rae1 Kc6 20. a4 Rd2 21. R4e2 Rxe2 22. Kxe2 Rd4 23. b3 b5 24. axb5+ axb5 25. Ra1 Rd7 26. Ra6+ Kd5 27. Ra8 Kd4 28. Kd2 Ke4+ 29.
Ke2 c4 30. Rb8 c3 31. f3+ Kf5 32. Rxb5+ e5 33. Ke3 Rd2 34. f4 f6 35. Rc5 Rxc2 36. fxe5 fxe5 37. g3 Rxh2 38. Rxc3 Rb2 39. Kd3 h5 40.
Kc4 Ke4 41. b4 g5 42. b5 Rd2 43. Kc5 g4 44. Kc6 Kd4 45. Rc5 e4 46. Rd5+ Kc3 47. Re5 Kd3 48. b6 e3 49. b7 Rb2 50. Kc7 e2 51.
Rd5+ Ke3 52. Re5+ Kf2 53. b8=Q Rxb8 54. Kxb8 e1=Q 55. Rxe1 Kxe1 56. Kc7 h4 57. gxh4 g3 58. h5 g2 59. h6 g1=Q 60. h7 Qg7+ 0-1

[Event "Early-Titled-Tuesday-Blitz-August-29-2023"]
[Site "Chess.com"]
[Date "2023.08.29"]
[Round "11"]
[White "Actuary44"]
[Black "skkeyan1309"]
[Result "1-0"]
[WhiteElo "2547"]
[BlackElo "2718"]
[TimeControl "180+1"]
[EndTime "10:03:52 PDT"]
[Termination "Actuary44 won by checkmate"]

1. e4 c5 2. d4 cxd4 3. c3 Nf6 4.
Bd3 e5 5. cxd4 Bb4+ 6. Nc3 exd4 7. a3 Qa5 8. axb4 Qxa1 9. Nb5 O-O 10. Nc7 Nc6 11. Nxa8 d5 12. e5 Bg4 13. f3 Nxe5 14.
Ne2 Rxa8 15. fxg4 Nfxg4 16. O-O Ne3 17. Bxe3 Qxd1 18. Rxd1 dxe3 19. Bf5 Rd8 20. Be4 Nc4 21. Rxd5 Re8 22. Rd4 Nxb2 23. Bxb7 g6 24. Re4 Rb8 25. Bd5 Nd3 26. Rxe3 Nxb4 27. Bc4 Nc6 28. h4 Kg7 29. Bd5 Nb4 30. Bc4 Nc6 31. Nf4 Nd4 32. Re7 Nf5 33.
Rxf7+ Kh6 34. h5 Kg5 35. hxg6 Kxf4 36. gxh7 Rh8 37. Be6 Kg5 38. Bxf5 a5 39. Bc2 Kh6 40. Ra7 a4 41. Rxa4 Kg5 42. Ra6 Kh5 43. Kh2 Kg5 44.
Rg6+ Kh5 45. Rg8 Rxh7 46. Bxh7 Kh6 47. Bd3 Kh5 48. g4+ Kh4 49. g5 Kh5 50. g6 Kh6 51. g7 Kg5 52. Rf8 Kh6 53. g8=Q Kh5 54. Qg6+ Kh4 55. Rf4# 1-0

[Event "Early-Titled-Tuesday-Blitz-August-29-2023"]
[Site "Chess.com"]
[Date "2023.08.29"]
[Round "11"]
[White "ViktoriyaTarasova"]
[Black "GeorgiosSouleidis"]
[Result "1/2-1/2"]
[WhiteElo "2431"]
[BlackElo "2557"]
[TimeControl "180+1"]
[EndTime "10:03:52 PDT"]
[Termination "Game drawn by repetition"]

1. d4 Nf6 2. c4 g6 3. Nc3 Bg7 4. e4 d6 5. h3 O-O 6. Be3 Nbd7 7. Be2 c5 8. d5 b5 9. cxb5 a6 10. a4 Qa5 11. Bd2 Qb6 12. Nf3 axb5 13. Bxb5 Ba6 14. O-O Rfb8 15. Qc2 Bxb5 16. Nxb5 Ne8 17. Bc3 Bh6 18.
e5 Nc7 19. Nxc7 Qxc7 20. e6 fxe6 21. dxe6 Nf8 22. Qe4 Qb7 23. Qg4 Qd5 24. Rfe1 Bg7 25.
Ng5 Qf5 26. Qg3 Bxc3 27. bxc3 Ra5 28. Nf7 Qf6 29. Nxd6 exd6 30. e7 Re8 31. exf8=Q+ Rxf8 32. Re2 d5 33. Rae1 Ra6 34. Qd3 Rd6 35. a5 d4 36.
cxd4 Rxd4 37. Qb3+ c4 38. Qc3 Rf4 39. Qxf6 R8xf6 40. Rc2 Ra6 41. Rec1 Rxa5 42. Rxc4 Rxc4 43. Rxc4 Ra1+ 44.
Kh2 Ra7 45. Rf4 Kg7 46. Rf3 Rb7 47. Kg3 Rc7 48. h4 Rb7 49. Kh3 Rc7 50. Kg3 Rd7 51. Kh3 Rc7 52. Kg3 1/2-1/2

[Event "Early-Titled-Tuesday-Blitz-August-29-2023"]
[Site "Chess.com"]
[Date "2023.08.29"]
[Round "11"]
[White "Itk04"]
[Black "GMKrikor"]
[Result "0-1"]
[WhiteElo "2683"]
[BlackElo "2880"]
[TimeControl "180+1"]
[EndTime "10:03:53 PDT"]
[Termination "GMKrikor won by resignation"]

1. d4 Nf6 2. c4 g6 3. Nf3 Bg7 4. g3 d5 5. cxd5 Nxd5 6. Bg2 Nb6 7. O-O Nc6 8. e3 e5 9. dxe5 Qxd1 10. Rxd1 Nxe5 11.
Nxe5 Bxe5 12. Nd2 c6 13. Rb1 Bg4 14. f3 Bf5 15. e4 Be6 16. b3 O-O-O 17. Bb2 Bxb2 18.
Rxb2 Rd4 19. Kf2 Rhd8 20. Bf1 a5 21. Ke3 Kc7 22. Rc1 f5 23. Be2 a4 24. Rc5 axb3 25. axb3 Rb4 26. Re5 Kd6 27. f4 Nd7 28. Ra5 Kc7 29. e5 Kb6 30. Ra4 Rxa4 31. bxa4+ Kc7 32. Bc4 Nc5 33. Bxe6 Nxe6 34. Nc4 Nc5 35. a5 Rd3+ 36. Ke2 Rc3 37. Rb4 Na6 38. Kd2 Rf3 39. Rb2 Nc5 40. Nd6 Ra3 41. Nc4 Ra4 42. Kc3 Ra1 43. Nd6 Rxa5 44. Kb4 b6 45. Kc3 Na4+ 46. Kb4 Nxb2 0-1

[Event "Early-Titled-Tuesday-Blitz-August-29-2023"]
[Site "Chess.com"]
[Date "2023.08.29"]
[Round "11"]
[White "Aleksandar-Topalov"]
[Black "only_strong_moves"]
[Result "0-1"]
[WhiteElo "2372"]
[BlackElo "2529"]
[TimeControl "180+1"]
[EndTime "10:03:54 PDT"]
[Termination "only_strong_moves won on time"]

1. b3 e5 2. Bb2 Nc6 3. c4 f5 4. e3 Nf6 5. Nf3 e4 6. Nd4 Nxd4 7. Bxd4 Be7 8. Be2 O-O 9. O-O d6 10. f4 exf3 11. Bxf3 Ne4 12. Bxe4 fxe4 13. Rxf8+ Bxf8 14. Bb2 Qg5 15. Nc3 Qg6 16. Qe1 c6 17. Qg3 Qxg3 18.
hxg3 Bf5 19. Rf1 Bg6 20. Ne2 Be7 21. Bd4 a5 22. Bc3 a4 23. Nd4 Bf6 24. b4 Bf7 25.
a3 Bxc4 26. Rf4 Re8 27. Nf5 Re6 28. Nd4 Re5 29. Nf5 Re6 30. Nd4 Bxd4 31. Bxd4 Bd3 32. Rf5 Re7 33. Ra5 Bb5 34. Ra8+ Kf7 35. Rd8 Ke6 36. Rg8 g6 37. Rb8 Kd5 38. Rd8 Kc4 39.
Rxd6 Kb3 40. Bc3 Kxa3 41. Rd8 Kb3 42. Ra8 a3 43. g4 Rf7 0-1

[Event "Early-Titled-Tuesday-Blitz-August-29-2023"]
[Site "Chess.com"]
[Date "2023.08.29"]
[Round "11"]
[White "jasrom"]
[Black "Mesa_1"]
[Result "0-1"]
[WhiteElo "2407"]
[BlackElo "2561"]
[TimeControl "180+1"]
[EndTime "10:03:55 PDT"]
[Termination "Mesa_1 won on time"]

1. e4 d6 2. d4 Nf6 3. Nc3 Nc6 4.
h3 g6 5. Nf3 Bg7 6. Be2 O-O 7.
O-O a6 8. a4 e5 9. dxe5 dxe5 10. Qxd8 Rxd8 11. Bg5 Be6 12. Rfd1 Nd4 13. Nxe5 Nxe2+ 14. Nxe2 h6 15. Bxf6 Bxf6 16. Nd3 Bc4 17. Rab1 Rd7 18.
b3 Be6 19. Nc5 Rxd1+ 20. Rxd1 Bc8 21. f4 b6 22. Nd7 Be7 23. Ne5 Bd6 24. Nc4 Bc5+ 25.
Kh2 Be6 26. Ne5 Bd6 27. Nd3 Rd8 28. g3 Kf8 29. Kg2 h5 30. Nd4 Bd7 31. e5 Be7 32. c3 c5 33. Nf3 c4 34. bxc4 Bxa4 35. Rd2 Bc6 36. Kf2 a5 37. Nd4 Be4 38. Ke3 Bb7 39. Nb5 Rc8 40. Nb2 Bc5+ 41. Ke2 Ba6 42. Nd6 Rc6 43. Ne4 Be7 44. Kd3 a4 45. Nxa4 Rxc4 46. Nb2 Rc6+ 47. Ke3 Bc8 48. c4 Bxh3 49. Kd4 Be6 50. Nc3 Bc5+ 51. Ke4 Bb4 52. Rd3 Bxc4 53. Nd5 Bxd3+ 54. Kxd3 Be7 55. Nc4 b5 56. Na5 Rc1 57. Nb3 Rg1 58. Ke4 Rxg3 59. Nc5 Bxc5 0-1

[Event "Early-Titled-Tuesday-Blitz-August-29-2023"]
[Site "Chess.com"]
[Date "2023.08.29"]
[Round "11"]
[White "realburq"]
[Black "Alphafischer2019"]
[Result "0-1"]
[WhiteElo "2388"]
[BlackElo "2509"]
[TimeControl "180+1"]
[EndTime "10:03:55 PDT"]
[Termination "Alphafischer2019 won by resignation"]

1. e4 c5 2. Nc3 Nc6 3. Bc4 g6 4. a3 Bg7 5. Nge2 e6 6. Ba2 Nge7 7. d3 d5 8. Bg5 h6 9. Bxe7 Nxe7 10. exd5 exd5 11.
Nf4 d4 12. Ne4 Qc7 13. Qf3 O-O 14. O-O-O Kh7 15. g4 f5 16. Ng5+ hxg5 17. Qh3+ Bh6 18. Nd5 Nxd5 19. Bxd5 fxg4 20. Qg3 Qf4+ 21. Kb1 Bf5 22.
Rde1 Rae8 23. Bxb7 Bg7 24. Bc6 Rxe1+ 25. Rxe1 Rc8 26.
Bd5 Bf6 27. Qg1 Rb8 28. Re2 Qd6 29. Bc4 Qb6 30. b3 a5 31. a4 Qd6 32. Qe1 Qc7 33. Re6 Bxe6 34. Qxe6 Kg7 35. Qxg4 Rd8 36. Qe4 Qxh2 37. Qb7+ Kh6 38. Kb2 Qxf2 39. Qc7 g4 40. Bd5 Rxd5 41. Qc8 Qf5 42. Qf8+ Bg7 43. Qb8 Re5 44.
Qb7 Qf3 45. Qb8 g3 46. Qd8 Qf6 47. Qa8 Re2 48. Qh1+ Rh2 49. Qc1+ Qg5 50. Qe1 g2 51. Ka2 g1=Q 52. Ka3 Qxe1 53. c4 0-1

[Event "Early-Titled-Tuesday-Blitz-August-29-2023"]
[Site "Chess.com"]
[Date "2023.08.29"]
[Round "11"]
[White "ajedrezhoy"]
[Black "Vesper2018"]
[Result "0-1"]
[WhiteElo "2419"]
[BlackElo "2586"]
[TimeControl "180+1"]
[EndTime "10:03:57 PDT"]
[Termination "Vesper2018 won on time"]

1. c4 e5 2. Nc3 d6 3. Nf3 f5 4. d4 e4 5. Ng5 Be7 6. Nh3 Nf6 7. Bg5 O-O 8. e3 c5 9. Be2 cxd4 10. Qxd4 Nc6 11. Qd2 Ne5 12. Nf4 h6 13. Bxf6 Bxf6 14. O-O g5 15. Nfd5 Bg7 16. Rad1 Be6 17. b3 Rf7 18.
Nb4 Rd7 19. Nc2 Bf7 20. Nd4 Qf6 21. f3 exf3 22. Bxf3 Nxf3+ 23. Rxf3 Bg6 24. Rdf1 f4 25. Nd5 Qe5 26. Nb5 fxe3 27. Rxe3 Qb2 28. Qxb2 Bxb2 29. Nf6+ Bxf6 30. Rxf6 Bb1 31. a4 d5 32. cxd5 Rxd5 33. Nc3 Rd3 34. Rxd3 Bxd3 35. Rxh6 Bc2 36. Kf2 Rc8 37. Nd5 Kg7 38. Rh3 Rd8 39. Nb4 Rd2+ 40.
Kf1 Bg6 41. Re3 Rb2 42. Nd5 Bf7 43. Nc7 Bxb3 44. Ne6+ Kf6 45. Nc5 Bc4+ 46. Kg1 Bd5 47. Rg3 Ra2 48. h3 b6 49. Nd7+ Kf5 50. Rd3 Rxg2+ 51.
Kf1 Bc4 0-1

[Event "Early-Titled-Tuesday-Blitz-August-29-2023"]
[Site "Chess.com"]
[Date "2023.08.29"]
[Round "11"]
[White "Agibileg"]
[Black "YEIKO2017"]
[Result "0-1"]
[WhiteElo "2620"]
[BlackElo "2497"]
[TimeControl "180+1"]
[EndTime "10:04:06 PDT"]
[Termination "YEIKO2017 won by resignation"]

1. d4 Nf6 2. c4 e5 3. dxe5 Ng4 4. Nf3 Bc5 5. e3 Nc6 6. Nc3 O-O 7. Na4 Bb4+ 8. Bd2 Bxd2+ 9. Qxd2 Ngxe5 10. Nxe5 Nxe5 11.
c5 b6 12. Be2 bxc5 13. Nxc5 d6 14. Nb3 a5 15. O-O a4 16. Nd4 Bb7 17. f4 Nd7 18. Rac1 Nc5 19. Bf3 Ne4 20. Bxe4 Bxe4 21. f5 c5 22. Ne2 Qf6 23. Ng3 Bb7 24. Rf4 a3 25. bxa3 Rxa3 26. Rg4 Qe5 27. Re1 Rfa8 28. e4 Qd4+ 29.
Qxd4 cxd4 30. Rd1 d3 31. Nh5 g6 32. Nf6+ Kg7 33. Nh5+ Kh8 34. Nf4 R8a4 35. f6 Rxe4 36. Rb1 d2 37. Kf2 Rxa2 38. Kg3 Ra3+ 39. Kh4 g5+ 40.
Kxg5 Ra7 41. Kh6 Re1 42. Ne6 Rxe6 43. Rf1 Rxf6+ 44. Rxf6 d1=Q 45. Rxf7 Qxg4 46. Rf8+ Qg8 0-1

[Event "Early-Titled-Tuesday-Blitz-August-29-2023"]
[Site "Chess.com"]
[Date "2023.08.29"]
[Round "11"]
[White "joksijoksi"]
[Black "AndresDelgado77"]
[Result "1-0"]
[WhiteElo "2458"]
[BlackElo "2256"]
[TimeControl "180+1"]
[EndTime "10:04:06 PDT"]
[Termination "joksijoksi won on time"]

1. d4 Nf6 2. c4 e5 3. dxe5 Ng4 4. e4 d6 5. exd6 Bxd6 6. Be2 Nf6 7. Nc3 O-O 8. Nf3 Qe7 9. Bg5 Rd8 10. Qc2 Bb4 11. e5 Bxc3+ 12. bxc3 Re8 13. exf6 gxf6 14. Be3 f5 15.
Nd4 Qe5 16. g3 c5 17. Nf3 Qg7 18. O-O b6 19. Nh4 Qf6 20. Bf3 Nc6 21. Bg5 Qxg5 22.
Bxc6 Be6 23. Bxa8 Rxa8 24. Rad1 Bxc4 25. Rfe1 Be6 26. Qd2 Qf6 27. Qe3 Re8 28. Qe5 Kg7 29. Qxf6+ Kxf6 30. Nf3 Rc8 31. Rd2 b5 32. Nh4 a5 33. Red1 b4 34. cxb4 cxb4 35. Rb2 Rb8 36. Nf3 a4 37. Nd4 Bc4 38. Nc6 Rb6 39. Nxb4 a3 40. Nd5+ Bxd5 41. Rxb6+ Kg7 42. Rd2 Be6 43. Rxe6 h5 44. Re7 Kf6 45. Rdd7 f4 46. Rxf7+ Ke5 47. gxf4+ 1-0

[Event "Early-Titled-Tuesday-Blitz-August-29-2023"]
[Site "Chess.com"]
[Date "2023.08.29"]
[Round "11"]
[White "GalaxyRoman"]
[Black "borocotoajua"]
[Result "1-0"]
[WhiteElo "2694"]
[BlackElo "2478"]
[TimeControl "180+1"]
[EndTime "10:04:07 PDT"]
[Termination "GalaxyRoman won on time"]

1. e4 c6 2. Nc3 d5 3. Nf3 Bg4 4.
h3 Bxf3 5. Qxf3 e6 6. d3 Nd7 7.
Be2 Ngf6 8. O-O d4 9. Nb1 Bd6 10. g3 Qc7 11. Nd2 b5 12. Qg2 e5 13. a4 O-O 14. g4 Nc5 15. a5 Ne6 16. Nf3 Nd7 17. Nh4 g6 18. Kh1 Qd8 19. Nf5 gxf5 20. gxf5+ Kh8 21.
fxe6 fxe6 22. Bg4 Rg8 23. Qf3 Qe7 24. Bd2 Raf8 25. Qe2 Rf6 26. Rg1 Nf8 27. f4 Ng6 28. f5 exf5 29. Bxf5 Nf4 30. Rxg8+ Kxg8 31. Rg1+ Kh8 32.
Qg4 Rf8 33. Be1 Qf7 34. Bh4 Be7 35. Bg3 Rg8 36. Qf3 Ng6 37. Qg4 Nf4 38. Qf3 Ng6 39.
Qf2 Bd6 40. Qh2 Re8 41. Rf1 Qe7 42. Qf2 Rf8 43. Qg2 Nf4 44. Bxf4 exf4 45. Rg1 Be5 46. Qg4 Qf6 47. Qh5 Rf7 48. Rg6 1-0

[Event "Early-Titled-Tuesday-Blitz-August-29-2023"]
[Site "Chess.com"]
[Date "2023.08.29"]
[Round "11"]
[White "Grossboss19"]
[Black "LileKoridze"]
[Result "0-1"]
[WhiteElo "2497"]
[BlackElo "2368"]
[TimeControl "180+1"]
[EndTime "10:04:07 PDT"]
[Termination "LileKoridze won on time"]

1. Nf3 Nf6 2. c3 d5 3. d4 e6 4. Bf4 Bd6 5. Bxd6 Qxd6 6. e3 O-O 7. Bd3 c5 8. O-O Nc6 9. dxc5 Qxc5 10.
Nbd2 e5 11. e4 Rd8 12. Qc2 Bg4 13. h3 Bxf3 14. Nxf3 Rac8 15. exd5 Rxd5 16. Rfe1 Rcd8 17. Rad1 g6 18. Bf1 e4 19. Rxd5 Rxd5 20. Nd2 Re5 21.
Nc4 Rf5 22. Ne3 Rg5 23. b4 Qe5 24. b5 Ne7 25. Qd2 Ned5 26. Nc4 Qf5 27. Nd6 Qf4 28.
Qxf4 Nxf4 29. g3 Nd3 30. Bxd3 exd3 31. c4 Re5 32. Rd1 Re2 33. Rxd3 Rxa2 34. Nxb7 Rc2 35.
Rd4 Kg7 36. c5 Rb2 37. Nd6 Nd7 38. c6 Nb6 39. Nc4 Rxb5 40. c7 Rc5 41. Nd6 Kf8 42. Re4 Rxc7 43. Re8+ Kg7 44. Rb8 Rd7 45. Ne8+ Kh6 46.
Nf6 Rd6 47. Ne4 Rd1+ 48. Kg2 Nc4 49. Rb7 Nd6 0-1

[Event "Early-Titled-Tuesday-Blitz-August-29-2023"]
[Site "Chess.com"]
[Date "2023.08.29"]
[Round "11"]
[White "Roedor"]
[Black "Iskusnyh"]
[Result "0-1"]
[WhiteElo "2438"]
[BlackElo "2611"]
[TimeControl "180+1"]
[EndTime "10:04:07 PDT"]
[Termination "Iskusnyh won by resignation"]

1. d4 d5 2. c4 c6 3. Nf3 Nf6 4.
e3 a6 5. Bd3 Bg4 6. Nbd2 e6 7.
Qc2 Nbd7 8. h3 Bh5 9. b3 c5 10. Bb2 cxd4 11. exd4 Be7 12. O-O O-O 13. Ne5 Bg6 14.
Bxg6 hxg6 15. Rfe1 Bb4 16. Bc3 Bxc3 17. Qxc3 dxc4 18. bxc4 Rc8 19. Qf3 Nxe5 20. dxe5 Qxd2 21. exf6 gxf6 22. Qxf6 Rxc4 23. Rad1 Qf4 24. Qxf4 Rxf4 25. Rd7 b5 26. Re3 Rc8 27. Ra7 Rc1+ 28. Kh2 Rxf2 29. Rxa6 Rcc2 30. Rg3 Rxa2 31. Rb6 Rab2 32. h4 Rf5 33.
Rc3 Kg7 34. Kh3 b4 35. Rc4 Rb3+ 36. g3 Rff3 37. Rg4 Kh6 38. Rb8 Rf2 39. Rgxb4 Rxb4 40.
Rxb4 Kg7 41. Kg4 Rf5 42. Rb7 Rd5 43. Ra7 Kf6 44. Kf4 Rf5+ 45. Ke4 Rf1 46. Rb7 Kg7 47. Ra7 Kh6 48. Rb7 Kh5 49. Rb5+ f5+ 50. Ke5 Kg4 51. Kxe6 Kxg3 52. Kf6 Kxh4 53. Kxg6 Kg4 54. Kf6 f4 55. Rb3 Ra1 56. Ke5 Re1+ 57. Kd4 f3 58. Rb8 f2 59.
Rg8+ Kh5 60. Rh8+ Kg6 0-1